 Dungeon Crawl Stone Soup version 0.20-a0-427-g8b12978 (webtiles) character file.

777 Kriby the Magician (level 7, -1/46 HPs)
             Began as a Mummy Fire Elementalist on Jan 1, 2017.
             Slain by a kobold zombie (2 damage)
             ... in an ossuary.
             The game lasted 00:09:11 (5634 turns).

Kriby the Magician (Mummy Fire Elementalist)        Turns: 5634, Time: 00:09:11

Health: -1/46      AC:  6    Str: 11    XL:     7   Next: 54%
Magic:  1/15       EV: 12    Int: 19    God:
Gold:   209        SH:  0    Dex: 13    Spells: 7/17 levels left

rFire  . . .     SeeInvis .     f - +0 dagger
rCold  . . .     Gourm    .     a - +0 robe
rNeg   + + +     Faith    .     (no shield)
rPois  ∞         Spirit   .     i - +0 helmet
rElec  .         Reflect  .     l - +2 cloak {rPois}
rCorr  .         Harm     .     (no gloves)
MR     .....                    (no boots)
Stlth  ++........               (no amulet)
                                o - ring of fire
                                h - +3 ring of intelligence

@: no status effects
A: no food or potions, fire vulnerability, cold resistance 1, negative energy
resistance 3, torment resistance, unbreathing
a: no special abilities


You were in an ossuary.
You were not hungry.

You visited 1 branch of the dungeon, and saw 4 of its levels.
You also visited: Ossuary.

You collected 209 gold pieces.

Inventory:

Hand Weapons
 f - a +0 dagger (weapon)
Armour
 a - a +0 robe (worn)
 i - a +0 helmet (worn)
 l - a +2 cloak of poison resistance (worn)
Jewellery
 h - a +3 ring of intelligence (left hand)
 o - a ring of fire (right hand)
Wands
 m - a wand of paralysis (14/24)
Scrolls
 c - a scroll of enchant weapon {unknown}
 d - a scroll of amnesia {unknown}
 e - a scroll of immolation
 g - a scroll of teleportation
 n - a scroll of remove curse {unknown}
Books
 b - a book of Flames

   Spells                             Type                      Level
   a - Flame Tongue                   Conjuration/Fire             1
   b - Throw Flame                    Conjuration/Fire             2
   c - Conjure Flame                  Conjuration/Fire             3
   d - Inner Flame                    Hexes/Fire                   3
   e - Sticky Flame                   Conjuration/Fire             4
   f - Fireball                       Conjuration/Fire             5
 j - a book of Misfortune

   Spells                             Type                      Level
   a - Confusing Touch                Hexes                        1
   b - Confuse                        Hexes                        3
   c - Gell's Gravitas                Hexes/Translocation          3
   d - Petrify                        Transmutation/Earth          4
   e - Metabolic Englaciation         Hexes/Ice                    5
   f - Yara's Violent Unravelling     Hexes/Transmutation          5


   Skills:
 - Level 1.5 Dodging
 - Level 1.5 Stealth
 * Level 5.8 Spellcasting
 + Level 4.8 Conjurations
 + Level 4.2 Fire Magic


You had 7 spell levels left.
You knew the following spells:

 Your Spells              Type           Power        Failure   Level  Hunger
a - Flame Tongue          Conj/Fire      ####.        1%          1    N/A
b - Conjure Flame         Conj/Fire      ####....     6%          3    N/A
c - Sticky Flame          Conj/Fire      ####....     17%         4    N/A
d - Throw Flame           Conj/Fire      ####..       2%          2    N/A

Dungeon Overview and Level Annotations

Branches:
Dungeon (4/15)
 Temple: D:4-7

Altars:
Gozag
Makhleb
Uskayaw

Annotations:
D:3 Sigmund


Innate Abilities, Weirdness & Mutations

You do not eat or drink.
Your flesh is vulnerable to fire.
You are immune to poison.
Your flesh is cold resistant. (rC+)
You are immune to negative energy. (rN+++)
You are immune to unholy pain and torment.
You can survive without breathing.


Message History

The hobgoblin zombie hits you but does no damage.
The adder zombie closely misses you.
Casting: Flame Tongue
Confirm with . or Enter, or press ? or * to list all spells.
Aiming: Flame Tongue
Press: ? - help, Shift-Dir - straight line, f/p - adder zombie
Aim: an adder zombie (severely damaged)
You feel a surge of power!
The flame tongue hits the adder zombie.
You destroy the adder zombie!
The hobgoblin zombie hits you but does no damage.
Casting: Flame Tongue
Confirm with . or Enter, or press ? or * to list all spells.
Aiming: Flame Tongue
Press: ? - help, Shift-Dir - straight line, f - hobgoblin zombie
Aim: a hobgoblin zombie (moderately damaged)
You feel a surge of power!
The flame tongue hits the hobgoblin zombie.
You destroy the hobgoblin zombie!
The kobold zombie hits you.
You die...

# #.......#...# #
#.......#...# #
#.∩.....#Z..# #
....+####...# #
#...# #...# #
#..Z#
##############..Z#
...ZZ.........ZZM#
....Z.∩∩.....ZZM@#
##################


You could see 2 mummies, a hobgoblin zombie, 4 kobold zombies, an orc zombie and
an elf zombie.

Vanquished Creatures
  Grinder (D:3)
  An elf zombie (Ossuary)
  A centaur zombie (Ossuary)
  2 orc priests (D:4)
  Crazy Yiuf (D:2)
  A hound (D:3)
  3 orc wizards
  A hound zombie (D:3)
  A hound skeleton (D:4)
  Robin (D:4)
  4 gnolls (D:3)
  6 adders
  An ooze (D:1)
  4 adder zombies (Ossuary)
  2 worms
  2 dart slugs
  2 leopard geckos
  12 orcs
  7 bats
  3 giant cockroaches
  13 goblins
  14 hobgoblins
  6 jackals
  7 kobolds
  A quokka (D:2)
  4 frilled lizards
  7 hobgoblin zombies (Ossuary)
  6 kobold zombies (Ossuary)
  9 orc zombies (Ossuary)
  7 rats
130 creatures vanquished.

Notes
Turn   | Place    | Note
-------+----------+-------------------------------------------
     0 | D:1      | Kriby the Mummy Fire Elementalist began the quest for the Orb.
     0 | D:1      | Reached XP level 1. HP: 13/13 MP: 4/4
    51 | D:1      | Reached skill level 1 in Conjurations
    52 | D:1      | Reached XP level 2. HP: 19/19 MP: 1/5
   523 | D:1      | Reached skill level 3 in Spellcasting
  1157 | D:1      | Reached XP level 3. HP: 24/24 MP: 2/7
  1758 | D:2      | Learned a level 3 spell: Conjure Flame
  1761 | D:2      | Learned a level 2 spell: Throw Flame
  1894 | D:2      | Reached XP level 4. HP: 30/30 MP: 6/9
  2334 | D:2      | Found a runed door.
  2338 | D:2      | Noticed Crazy Yiuf
  2350 | D:2      | Killed Crazy Yiuf
  2775 | D:3      | Reached XP level 5. HP: 26/35 MP: 2/10
  3296 | D:3      | Found a faded altar of an unknown god.
  3333 | D:3      | Found a hide-covered altar of Uskayaw.
  3339 | D:3      | Noticed Grinder
  3369 | D:3      | Paralysed by Grinder for 5 turns
  3401 | D:3      | Killed Grinder
  3401 | D:3      | Reached skill level 4 in Spellcasting
  3401 | D:3      | Reached XP level 6. HP: 17/41 MP: 0/12
  3972 | D:3      | Noticed Sigmund
  4102 | D:3      | Found a burning altar of Makhleb.
  4108 | D:3      | Found an opulent altar of Gozag.
  4816 | D:4      | Reached XP level 7. HP: 46/46 MP: 12/14
  4822 | D:4      | Learned a level 4 spell: Sticky Flame
  4847 | D:4      | Reached skill level 5 in Spellcasting
  4951 | D:4      | Noticed Robin
  4956 | D:4      | Killed Robin
  5151 | D:4      | Found a sand-covered staircase.
  5160 | Ossuary  | Entered an ossuary
  5631 | Ossuary  | HP: 1/46 [mummy (5)]
  5634 | Ossuary  | Slain by a kobold zombie

Vault maps used:
D:1:      dpeg_arrival_connections, minmay_pentomino_w4
D:2:      minmay_wonky_spiral, minmay_strange_pillars, uniq_crazy_yiuf_cottage
D:3:      minitemple, old_standard_altar, chequers_ecumenical_altar_simple,
          first_bread, serial_forest, infiniplex_forest_side_room,
          infiniplex_forest_straight_2, infiniplex_forest_straight_2,
          infiniplex_forest_straight_4, infiniplex_forest_lined_corner,
          infiniplex_forest_lined_room_2, infiniplex_forest_straight_2,
          kennysheep_decorative_pillar, hangedman_decor_points, uniq_grinder,
          uniq_natasha, uniq_sigmund
D:4:      lemuel_coloured_pillars_altar, nicolae_ossuary_entry_ruins,
          lemuel_old_faithful, uniq_robin
Ossuary:  ossuary_tomb_1

Skill      XL: |  1  2  3  4  5  6  7 |
---------------+----------------------+-----
Conjurations   | 1 2 3 4 |  4.8
Spellcasting   | 3 4 5 |  5.8
Fire Magic     | 3 4 |  4.2
Dodging        | |  1.5
Stealth        | |  1.5

Action                   |  1- 3 |  4- 6 |  7- 9 || total
-------------------------+-------+-------+-------++-------
Melee: Dagger            |    11 |    36 |    23 ||    70
       Unarmed           |     1 |       |       ||     1
 Cast: Flame Tongue      |    57 |   122 |   113 ||   292
       Throw Flame       |     1 |       |       ||     1
       Conjure Flame     |       |     4 |       ||     4
       Sticky Flame      |       |       |     1 ||     1
  Use: Scroll            |       |     2 |     1 ||     3
Armor: Robe              |     5 |    19 |    28 ||    52
Dodge: Dodged            |    24 |    44 |    48 ||   116
